 Dungeon Crawl Stone Soup version bcrawl-1.12-11-gb93c957c58 (console) character file.

Game seed: 14686585226882103026

1181 Lexodia the Spear-Bearer (level 8, 0/57 HPs)
             Began as a Demonspawn Archaeologist on July 4, 2019.
             Shot with a bolt by a big kobold (13 damage)
             ... on level 4 of the Dungeon.
             The game lasted 00:08:56 (4811 turns).

Lexodia the Spear-Bearer (Demonspawn Archaeologist) Turns: 4811, Time: 00:08:57

Health: 0/57       AC: 10    Str: 15    XL:     8   Next: 19%
Magic:  8/8        EV: 11    Int: 15    God:
Gold:   162        SH:  0    Dex: 11    Spells: 7/7 levels left

rFire    . . .     SeeInvis .   f - +8 trident {venom, rElec rPois MR+}
rCold    . . .     Gourm    .   (no shield)
rNeg     . . .     Faith    .   y - +0 ring mail
rPois    +         Spirit   .   b - +1 hat
rElec    +         Reflect  .   (no cloak)
rCorr    .         Harm     .   d - +1 pair of gloves
MR       +....                  c - +1 pair of boots
Stlth    +.........             q - amulet of regeneration
HPRegen  0.59/turn              (no ring)
MPRegen  0.11/turn              (no ring)

@: no status effects
A: antennae 2, talons 1, foul stench 1, rot immunity
a: no special abilities


You were on level 4 of the Dungeon.
You were not hungry.

You visited 1 branch of the dungeon, and saw 4 of its levels.

You collected 186 gold pieces.
You spent 24 gold pieces at shops.

Inventory:

Hand Weapons
 f - the +8 trident of the Octopus King (weapon) {venom, rElec rPois MR+}

   It poisons the flesh of those it strikes.
   It insulates you from electricity.
   It protects you from poison.
   It affects your resistance to hostile enchantments.
 v - a +0 spear
Missiles
 j - 3 throwing nets (quivered) {!f}
 l - 2284 stones
Armour
 a - a +1 robe
 b - a +1 hat (worn)
 c - a +1 pair of boots (worn)
 d - a +1 pair of gloves (worn)
 y - a +0 ring mail (worn)
Jewellery
 q - an amulet of regeneration (around neck)
Wands
 r - a wand of polymorph (8)
 C - a wand of clouds (8)
Scrolls
 m - 3 scrolls of enchant armour {unknown}
 o - a scroll of fear {unknown}
 p - 6 scrolls of remove curse
 x - a scroll of fog {unknown}
 z - a scroll of teleportation
 A - a scroll of enchant weapon {unknown}
Potions
 h - 3 potions of heal wounds
 i - 3 potions of flight
 k - 2 potions of brilliance {unknown}
 n - a potion of agility {unknown}
 s - a potion of curing {unknown}
 t - a potion of mutation {unknown}
 w - a potion of might {unknown}
 B - a potion of haste {unknown}
Comestibles
 g - 5 rations {!d}
 u - 39 chunks of flesh


   Skills:
 - Level 2.7 Fighting
 * Level 9.6 Polearms
 - Level 3.0 Dodging
 - Level 3.0 Stealth


You had 7 spell levels left.
You didn't know any spells.
Your spell library was empty.

Dungeon Overview and Level Annotations

Branches:
Dungeon (4/12)
 Temple: D:4-7

Altars:
Okawaru
Zin

Shops:
D:4 ?


Innate Abilities, Weirdness & Mutations

You have a pair of antennae on your head.
You have sharp toenails.
You may emit foul miasma when damaged in melee.
You are immune to rotting.


Message History

The big kobold is severely wounded.
The gnoll barely misses you.
Your ring mail prevents you from hitting the big kobold.
The big kobold is severely wounded.
The big kobold shoots a bolt.
The bolt hits you.
* * * LOW HITPOINT WARNING * * *
The gnoll hits you but does no damage. The gnoll barely misses you.
You barely miss the big kobold.
The big kobold is severely wounded.
The big kobold hits you but does no damage.
The big kobold shoots a bolt.
The bolt closely misses you. The gnoll barely misses you.
The gnoll hits you from afar with a +0 spear!
* * * LOW HITPOINT WARNING * * *
The big kobold barely misses you.
You see here a +0 hunting sling.
The big kobold hits you but does no damage.
The gnoll barely misses you.
The big kobold shoots a bolt.
The bolt hits you!
You die...

##### ########## ########$$$#
..)#.....## ##....).#g$.#
..)'......###.......#)K$#
####.......#........##K#
)..........#.........†.#
...........'.........).#
÷..........#.......gg))#
####.......#....@K..##)##
.))'......###.......#...#
...#.....## ##......#...#≈≈≈≈≈≈≈#
#####################...#≈≈≈≈≈≈≈#
≈≈≈≈≈≈≈≈≈≈≈≈≈≈≈≈≈≈≈≈#####≈≈≈≈≈≈≈#
≈≈≈≈≈≈≈≈≈≈≈≈≈≈≈≈≈≈≈≈≈≈≈≈≈≈≈≈≈≈≈≈#
≈≈≈≈≈≈≈≈≈≈≈≈≈≈≈≈≈≈≈≈≈≈≈≈≈≈≈≈≈≈≈≈#
≈).≈≈≈.≈≈≈≈...≈≈.≈≈≈≈≈≈≈.≈≈≈...≈#
................................#


You could see 2 big kobolds and 2 gnolls.

Vanquished Creatures
  An ice beast (D:4)
  2 ogres (D:4)
  A centaur (D:4)
  2 big kobolds (D:4)
  2 orc priests (D:4)
  2 orc wizards (D:4)
  7 iguanas (D:4)
  2 worker ants (D:4)
  A hound skeleton (D:4)
  11 gnolls
  4 adders
  2 oozes
  3 worms
  5 dart slugs (D:1)
  4 leopard geckos
  12 orcs
  3 giant cockroaches
  36 goblins
  33 hobgoblins
  14 jackals
  A ball python (D:1)
  5 bats
  3 frilled lizards
  11 kobolds
  A quokka skeleton (D:2)
  5 rats
  A bush (D:4)
174 creatures vanquished.

Notes
Turn   | Place    | Note
-------+----------+-------------------------------------------
     0 | D:1      | Lexodia the Demonspawn Archaeologist began the quest for
                  | the Orb.
     0 | D:1      | Reached XP level 1. HP: 15/15 MP: 1/1
   134 | D:1      | Gained mutation: You are immune to rotting. [demonic
                  | ancestry]
   134 | D:1      | Reached XP level 2. HP: 10/21 MP: 2/2
   933 | D:1      | Reached XP level 3. HP: 28/28 MP: 3/3
  1136 | D:1      | Reached skill level 1 in Polearms
  1615 | D:2      | Reached skill level 2 in Polearms
  1911 | D:2      | Gained mutation: You have sharp toenails. [demonic
                  | ancestry]
  1911 | D:2      | Reached XP level 4. HP: 31/34 MP: 4/4
  2046 | D:2      | Reached skill level 3 in Polearms
  2389 | D:2      | Found an iron altar of Okawaru.
  2789 | D:3      | Reached skill level 4 in Polearms
  3078 | D:3      | Gained mutation: You have a pair of small antennae on your
                  | head. [demonic ancestry]
  3078 | D:3      | Reached XP level 5. HP: 39/39 MP: 5/5
  3410 | D:3      | Reached skill level 5 in Polearms
  3848 | D:4      | Noticed a centaur
  3871 | D:4      | Killed a centaur
  3871 | D:4      | Reached skill level 6 in Polearms
  3871 | D:4      | Gained mutation: You have a pair of antennae on your head.
                  | [demonic ancestry]
  3871 | D:4      | Reached XP level 6. HP: 28/46 MP: 6/6
  3897 | D:4      | Reached skill level 7 in Polearms
  4048 | D:4      | Gained mutation: You may emit foul miasma when damaged in
                  | melee. [demonic ancestry]
  4048 | D:4      | Reached XP level 7. HP: 45/51 MP: 7/7
  4094 | D:4      | Found a glowing silver altar of Zin.
  4122 | D:4      | Reached skill level 8 in Polearms
  4184 | D:4      | Found Gaul's Magic Scroll Shoppe.
  4191 | D:4      | Bought a scroll of identify for 24 gold pieces
  4468 | D:4      | Reached skill level 9 in Polearms
  4601 | D:4      | Reached XP level 8. HP: 55/57 MP: 8/8
  4811 | D:4      | Shot with a bolt by a big kobold

Skill      XL: |  1  2  3  4  5  6  7 |
---------------+----------------------+-----
Dodging        | 3 |  3.0
Fighting       | 2 |  2.7
Polearms       | 2 4 6 7 9 |  9.6
Stealth        | |  3.0

Action                   |  1- 3 |  4- 6 |  7- 9 || total
-------------------------+-------+-------+-------++-------
Melee: Club              |    93 |       |       ||    93
       Unarmed           |    31 |       |       ||    31
       Short sword       |   107 |       |       ||   107
       Spear             |     3 |   241 |       ||   244
       Trident           |       |    35 |   192 ||   227
  Use: Scroll            |     3 |       |     2 ||     5
 Stab: Sleeping          |     3 |     3 |     4 ||    10
  Eat: Chunk             |     4 |     7 |     3 ||    14
Armor: Robe              |   109 |    21 |       ||   130
       Ring mail         |       |    69 |    51 ||   120
Dodge: Dodged            |   201 |   121 |    88 ||   410
